Description

A build meant to hit a protoss on two sides with harass, both a liberator and a mine. send the medivac with 1 mine + 6 marines to the farther base and the liberator to a nearby base, while you drop siege the liberator into another base.

Transition to MMM Lib.

This is my personal build, criticism welcome.

Replay - I.A. 1 (Muito fácil) v Xipa - Ascensão para Aiur LE

Build Order

Get SALT Encoding   

  12  0:01  SCV  
  13  0:14  SCV  
  14  0:17  Supply Depot  
  14  0:26  SCV  
  15  0:36  Refinery  gas first
  15  0:42  SCV  
  16  0:46  Barracks  
  16  0:54  SCV  send an scv scout
  17  1:08  SCV  
  18  1:20  SCV  
  19  1:34  Marine  marine 1st for a faster factory.
  19  1:35  Orbital Command  
  20  1:46  Command Center  
  20  2:01  SCV  
  20  2:03  Barracks Reactor  
  20  2:05  Factory  
  20  2:19  SCV, Supply Depot  
  21  2:24  Refinery  
  21  2:31  SCV  
  22  2:39  Marine x2  
  25  2:53  Factory Reactor  swap the factory reactor
  25  2:56  Starport  
  26  3:00  Orbital Command  
  26  3:01  Marine x2  continuous marine production
  29  3:25  Liberator  
  33  3:39  Widow Mine  send the 1st mine to you min line if oracles are coming and drop with 8 marines instead
  38  3:42  Medivac  
  44  3:50  Supply Depot  
  45  4:02  Supply Depot  
  46  4:11  Widow Mine  second mine is defensive, keep at your natural to defend against adepts or oracles
  51  4:23  Medivac  continuous medivac production after the 1st
  53  4:26  Supply Depot  
  59  4:39  Factory Tech Lab, Refinery, Barracks  swap tech lab on 2nd barracks
  74  5:38  Engineering Bay x2  
  75  5:44  Command Center  
  75  5:45  Refinery  
  75  5:54  Stimpack  
  75  5:56  Barracks x2  3rd and 4th barracks as son as min allow
  82  6:18  Terran Infantry Armor Level 1  
  82  6:19  Terran Infantry Weapons Level 1  
  89  6:57  Orbital Command  
  94  7:05  Armory  armory at around 50% EB upgrades
  94  7:10  Action  proceed for a 1-1 timing push or follow with drop play
Spawning Tool Build Advisor. Get it on Overwolf

Go to:

Details

  • Created by: Xipachu
  • Published on: Oct 13, 2017
  • Modified on: Oct 13, 2017
  • Patch: 3.8.0
Show
View Real Time Build Order
Export as new Build Order

Comments (2)

On Dec. 7, 2017, 4:12 p.m., Xipachu  said:

I was just trying to hit the exact gas for a medivac and a LIB when testing diferent openers, since I was at the time too paranoid about cheese I just scv scouted everygame, not having much reason to build a reaper against P I just built a marine instead. My idea was to try and be eficient, avoiding iddle time on the starport and hitting as early as possible.

Doing a standard reaper FE can work just fine, the problem is that the medivac + lib wont start that close to each other, so you either wait for the lib to finish before moving with the drop, wich is a delay, or you go with them staggered and risk getting the drop cleaned before the lib hits.

On Nov. 6, 2017, 9:55 p.m., Gjlies  said:

Can you explain your reasoning behind building the marine instead of a reaper to get a faster factory? Obviously you will get your drop and liberator harass faster, but is it necessary? Are you trying to hit before a Protoss timing? What do you lose?

Create an account to comment!